 Dungeon Crawl Stone Soup version 0.23.2 (webtiles) character file.

Game seed: 3195007572849627178

1597 Borgoz the Cutter (level 9, 0/55 HPs)
             Began as a Kobold Fighter on Apr 9, 2019.
             Was a Follower of Ashenzari.
             Succumbed to an orc wizard's poison
             ... on level 6 of the Dungeon.
             The game lasted 00:15:14 (7196 turns).

Borgoz the Cutter (Kobold Fighter)                  Turns: 7196, Time: 00:15:14

Health: 0/55       AC: 13    Str: 19    XL:     9   Next: 15%
Magic:  6/9        EV: 16    Int:  9    God:    Ashenzari [*.....]
Gold:   362        SH:  0    Dex: 17    Spells: 8/8 levels left

rFire    + . .     SeeInvis .   a - +2 rapier
rCold    . . .     Gourm    .   (shield restricted)
rNeg     . . .     Faith    .   n - +2 scale mail {rF+}
rPois    .         Spirit   +   (no helmet)
rElec    .         Reflect  .   m - +1 cloak
rCorr    .         Harm     .   (no gloves)
MR       .....                  t - +0 pair of boots
Stlth    +.........             q - amulet of guardian spirit
HPRegen  0.18/turn              w - ring of stealth
MPRegen  0.11/turn              (no ring)

@: mighty, lethally poisoned (0 -> -15)
A: small, carnivore
a: Curse Item, Scrying, Renounce Religion


You were on level 6 of the Dungeon.
You worshipped Ashenzari.
Ashenzari was aware of your devotion.
You were completely stuffed.

You visited 2 branches of the dungeon, and saw 7 of its levels.
You also visited: Sewer.

You collected 362 gold pieces.

Inventory:

Hand Weapons
 a - a +2 rapier (weapon)
 p - a +0 rapier
Missiles
 h - 4 tomahawks (quivered)
Armour
 c - a +0 shield
 m - a +1 cloak (worn)
 n - a +2 scale mail of fire resistance (worn)
 t - a +0 pair of boots (worn)
Jewellery
 q - an amulet of guardian spirit (around neck)
 v - an uncursed ring of protection from fire
 w - a ring of stealth (left hand)
Wands
 b - a wand of iceblast (8)
Scrolls
 d - a scroll of enchant weapon
 e - a scroll of teleportation
 g - 2 scrolls of magic mapping
 i - a scroll of noise {unknown}
 j - 3 scrolls of remove curse
 k - a scroll of fog {unknown}
 l - a scroll of blinking {unknown}
 s - a scroll of amnesia {unknown}
 u - a scroll of immolation {unknown}
 x - a scroll of silence {unknown}
Potions
 o - a potion of mutation
 r - 3 potions of flight
Comestibles
 f - 12 rations
 z - a chunk of flesh


   Skills:
 + Level 6.2 Fighting
 + Level 6.9 Short Blades
 * Level 6.3 Armour
 + Level 5.6 Dodging
 - Level 2.4 Shields


You had 8 spell levels left.
You didn't know any spells.
Your spell library was empty.

Dungeon Overview and Level Annotations

Branches:
Dungeon (6/15)             Temple (1/1) D:5

Altars:
Ashenzari
Cheibriados
Dithmenos
Elyvilon
Fedhas
Gozag
Hepliaklqana
Kikubaaqudgha
Makhleb
Nemelex Xobeh
Okawaru
Qazlal
Ru
Sif Muna
Trog
Vehumet
Wu Jian
Xom
Yredelemnul
Zin
The Shining One


Innate Abilities, Weirdness & Mutations

You are small and have problems with some larger weapons.
You are carnivorous and can eat meat at any time.


Message History

The orc barely misses you.
You puncture the orc wizard!
You kill the orc wizard!
* * * LOW HITPOINT WARNING * * *
You feel sick. The orc wizard closely misses you. The orc barely misses you.
You completely miss the orc wizard.
The orc wizard is severely wounded.
* * * LOW HITPOINT WARNING * * *
You feel sick.
The orc wizard hits you but does no damage.
The orc wizard misses you.
You puncture the orc wizard!
You kill the orc wizard!
* * * LOW HITPOINT WARNING * * *
You feel sick. The orc closely misses you.
You puncture the orc!
You kill the orc!
* * * LOW HITPOINT WARNING * * *
You feel sick.
You die...

....############
...............
............... ....
.............# .....
.............# $....
............## ......
##..........#####
......
####...........##......
####........@).........
###......[).........
####...)).........
###............
###..........
##........ ##........
###.........
##....#......


There were no monsters in sight!

Vanquished Creatures
  Menkaure (D:4)
  3 ogres
  A centaur (D:5)
  A big kobold (Sewer)
  A scorpion (D:6)
  A howler monkey (D:6)
  2 crimson imps (D:6)
  Crazy Yiuf (D:3)
  2 hounds
  3 jellies
  A centaur skeleton (D:4)
  An iguana (D:5)
  5 orc priests
  Terence (D:2)
  7 orc wizards
  3 worker ants
  A killer bee zombie (D:5)
  A hound skeleton (D:4)
  12 adders
  4 river rats (Sewer)
  2 adder skeletons
  4 worms (D:3)
  2 dart slugs
  5 leopard geckos
  15 orcs
  6 giant cockroaches
  11 goblins
  7 hobgoblins
  8 jackals
  8 kobolds
  3 quokkas
  4 bats
  4 frilled lizards
  A jackal skeleton (D:5)
  A leopard gecko zombie (D:5)
  A quokka skeleton (D:5)
  10 rats
144 creatures vanquished.

Notes
Turn   | Place    | Note
-------+----------+-------------------------------------------
     0 | D:1      | Borgoz the Kobold Fighter began the quest for the Orb.
     0 | D:1      | Reached XP level 1. HP: 14/14 MP: 1/1
   187 | D:1      | Reached XP level 2. HP: 19/19 MP: 2/2
   561 | D:1      | Reached skill level 1 in Dodging
   568 | D:1      | Reached XP level 3. HP: 17/23 MP: 3/3
  1124 | D:2      | Reached XP level 4. HP: 14/29 MP: 4/4
  1647 | D:2      | Found a shadowy altar of Dithmenos.
  1647 | D:2      | Found a snail-covered altar of Cheibriados.
  1655 | D:2      | Found a hazy altar of Hepliaklqana.
  1657 | D:2      | Found a sacrificial altar of Ru.
  1657 | D:2      | Found an iron altar of Okawaru.
  1657 | D:2      | Found a bloodstained altar of Trog.
  1657 | D:2      | Found a stormy altar of Qazlal.
  1658 | D:2      | Found a basalt altar of Yredelemnul.
  1660 | D:2      | Found a shattered altar of Ashenzari.
  1661 | D:2      | Found a white marble altar of Elyvilon.
  1664 | D:2      | Became a worshipper of Ashenzari the Shackled
  1709 | D:2      | Noticed Terence
  1721 | D:2      | Killed Terence
  1721 | D:2      | Reached XP level 5. HP: 25/33 MP: 5/5
  2405 | D:3      | Found a glowing drain.
  2409 | Sewer    | Entered a sewer
  2426 | Sewer    | Reached XP level 6. HP: 35/38 MP: 6/6
  2544 | Sewer    | Found a glowing silver altar of Zin.
  2845 | D:3      | Found a runed translucent door.
  2846 | D:3      | Noticed Crazy Yiuf
  3035 | D:3      | Killed Crazy Yiuf
  3303 | D:4      | Noticed Menkaure
  3310 | D:4      | Noticed an ogre
  3316 | D:4      | Killed Menkaure
  3316 | D:4      | Reached XP level 7. HP: 8/44 MP: 7/7
  3319 | D:4      | Reached skill level 5 in Short Blades
  3892 | D:4      | Reached skill level 5 in Fighting
  4259 | D:4      | Reached XP level 8. HP: 10/49 MP: 8/8
  4263 | D:4      | Reached skill level 5 in Armour
  4809 | D:5      | Entered Level 5 of the Dungeon
  4809 | D:5      | Reached * piety under Ashenzari
  5610 | D:5      | Found a staircase to the Ecumenical Temple.
  5640 | Temple   | Entered the Ecumenical Temple
  6624 | D:6      | Reached skill level 5 in Dodging
  7039 | D:6      | Reached XP level 9. HP: 51/55 MP: 9/9
  7194 | D:6      | HP: 2/55 [poisoned by an orc wizard]
  7196 | D:6      | Succumbed to an orc wizard's poison

Skill      XL: |  1  2  3  4  5  6  7  8 |
---------------+-------------------------+-----
Short Blades   | 3 4 5 6 |  6.9
Dodging        | 1 2 3 4 5 |  5.6
Armour         | 3 4 6 |  6.3
Fighting       | 4 5 6 |  6.2
Shields        | |  2.4

Action                   |  1- 3 |  4- 6 |  7- 9 || total
-------------------------+-------+-------+-------++-------
Melee: Rapier            |    94 |   238 |   316 ||   648
Throw: Tomahawk          |       |       |     1 ||     1
  Use: Potion            |       |    11 |     3 ||    14
       Scroll            |       |     7 |     5 ||    12
  Eat: Chunk             |     8 |     9 |    12 ||    29
Armor: Scale mail        |    33 |    94 |   131 ||   258
Dodge: Dodged            |    52 |   154 |   245 ||   451
